Map: Cité émeraude EC

Players

Chetir - Winner!

  • Race: Zerg Zerg
  • Spawn Location: 5:00

Bonbeurre - Winner!

  • Race: Zerg Zerg
  • Spawn Location: 5:00

VOD

Have the link to the VOD?

Description

Time

  • Played on: March 29, 2021, 4:24 p.m.
  • Length: 30:49
Show
View Real Time Build Order
Export as new Build Order

Chetir Zerg - Winner!

Build Orders:  

Get SALT Encoding   

  12  0:06  Drone  
  13  0:18  Overlord  
  13  0:32  Drone  
  14  0:44  Drone  
  15  1:04  Drone  
  15  1:05  Drone  
  17  1:18  Drone  
  18  1:31  Drone  
  18  1:35  Hatchery  
  18  1:48  Spawning Pool  
  17  1:51  Drone  
  17  1:58  Drone  
  19  2:19  Drone  
  20  2:26  Drone  
  21  2:31  Extractor  
  20  2:43  Drone  
  21  3:03  Overlord  
  21  3:18  Queen  
  23  3:20  Drone  
  23  3:29  Extractor  
  23  3:39  Queen  
  23  3:40  Drone x2  
  27  4:04  Drone x3  
  32  4:17  Drone  
  32  4:18  Drone x2  
  33  4:34  Overlord  
  33  4:48  Roach Warren  
  32  4:53  Lair  
  32  5:02  Drone x2  
  32  5:03  Drone x4  
  32  5:04  Drone  
  39  5:16  Spine Crawler  
  39  5:17  Spine Crawler  
  39  5:19  Spine Crawler  
  36  5:22  Drone x2  
  38  5:33  Drone x2  
  40  5:45  Drone x2  
  40  5:46  Drone x2  
  44  5:56  Extractor  
  43  6:01  Extractor  
  42  6:11  Drone  
  43  6:33  Spire  
  43  6:34  Overlord  
  43  6:35  Overlord x4  
  42  7:01  Drone  
  42  7:07  Drone x4  
  47  7:31  Drone x2  
  49  8:42  Spine Crawler  
  48  8:52  Mutalisk x6  
  48  8:53  Mutalisk x6  
  48  8:57  Overlord x4  
  72  9:36  Spine Crawler  
  71  9:47  Mutalisk x4  
  79  9:53  Zerg Flyer Weapons Level 1  
  79  10:45  Hatchery  
  74  11:57  Mutalisk x3  
  74  11:58  Mutalisk x5  
  74  11:59  Mutalisk  
  92  12:36  Zerg Flyer Weapons Level 2  
  92  12:44  Mutalisk  
  92  12:45  Mutalisk  
  92  12:46  Overlord x2  
  92  12:47  Overlord x4  
  96  12:56  Extractor  
  96  12:57  Extractor  
  94  13:07  Drone  
  71  15:01  Roach  
  71  15:02  Roach x6  
  85  15:13  Spine Crawler  
  85  15:15  Spine Crawler  
  85  15:16  Spine Crawler  
  85  15:17  Spine Crawler  
  85  15:18  Spine Crawler  
  85  15:19  Spine Crawler  
  77  15:20  Spine Crawler  
  77  15:21  Spine Crawler x3  
  77  15:22  Spine Crawler  
  77  15:23  Spine Crawler  
  69  15:38  Hatchery  
  66  15:43  Extractor  
  66  15:44  Drone  
  66  15:45  Drone x5  
  66  15:46  Drone  
  72  15:50  Zerg Flyer Armor Level 1  
  72  16:09  Hatchery  
  71  16:11  Hatchery  
  70  16:35  Mutalisk x4  
  70  16:36  Mutalisk x3  
  84  16:55  Mutalisk x4  
  92  17:47  Mutalisk x3  
  92  17:48  Mutalisk x5  
  108  18:07  Drone  
  108  18:08  Drone  
  108  18:09  Queen  
  112  18:23  Infestation Pit  
  111  19:16  Hatchery  
  102  20:45  Mutalisk  
  102  20:46  Mutalisk x13  
  130  21:11  Queen  
  130  21:12  Drone x2  
  134  21:27  Zerg Flyer Armor Level 2  
  134  21:44  Hatchery  
  133  22:05  Hive  
  131  23:23  Drone x2  
  131  23:24  Drone x5  
  131  23:25  Drone x4  
  131  23:26  Drone x4  
  131  23:27  Drone, Mutalisk x2  
  131  23:28  Mutalisk x4  
  159  23:41  Drone  
  159  23:43  Queen, Drone  
  163  24:37  Zerg Flyer Weapons Level 3  
  163  24:59  Extractor  
  152  25:00  Extractor  
  152  25:04  Roach x7  
  152  25:05  Roach x5  
  147  25:45  Extractor  
  132  25:52  Extractor  
  123  26:42  Spine Crawler x2  
  123  26:43  Spine Crawler x2  
  123  26:44  Spine Crawler  
  123  26:46  Drone x2  
  123  26:47  Drone, Mutalisk x3  
  123  26:48  Mutalisk x2  
  131  27:20  Mutalisk x3  
  137  27:53  Drone  
  137  27:54  Drone x4  
  137  27:55  Mutalisk x3  
  148  28:09  Hatchery  
  129  28:52  Overlord  
  129  28:53  Overlord x3  
  129  29:26  Mutalisk x3  
  129  29:27  Mutalisk x4  
  143  29:50  Drone  
  143  29:51  Drone x5  
  143  29:52  Drone x4  
  143  29:53  Drone x2  
  143  29:56  Mutalisk x2  
Show
View Real Time Build Order
Export as new Build Order

Bonbeurre Zerg - Winner!

Build Orders:  

Get SALT Encoding   

  12  0:01  Drone  
  13  0:18  Overlord  
  13  0:24  Drone  
  14  0:44  Drone  
  14  0:45  Drone  
  14  0:49  Drone  
  17  1:05  Drone  
  18  1:22  Hatchery  
  18  1:23  Drone  
  18  1:25  Extractor  
  17  1:39  Drone  
  18  1:49  Spawning Pool  
  17  1:54  Drone  
  18  2:05  Drone  
  19  2:21  Overlord  
  19  2:57  Queen  
  21  3:03  Queen  
  21  3:07  Zergling x2  
  21  3:08  Drone  
  21  3:09  Drone x2  
  27  3:19  Drone  
  28  3:25  Drone  
  29  3:38  Drone  
  30  3:55  Metabolic Boost  
  30  4:00  Drone x3  
  33  4:12  Drone  
  34  4:29  Lair, Drone  
  35  4:31  Drone  
  35  4:32  Roach Warren  
  35  4:34  Overlord  
  35  4:35  Overlord  
  35  4:46  Hatchery  
  34  4:59  Drone x2  
  36  5:00  Drone x4  
  36  5:01  Drone  
  41  5:24  Drone  
  41  5:26  Drone  
  41  5:27  Drone  
  41  5:29  Roach  
  46  5:39  Glial Reconstitution  
  46  5:51  Drone  
  46  5:52  Drone  
  46  5:54  Drone  
  46  5:55  Extractor  
  46  5:58  Extractor  
  47  6:01  Extractor  
  47  6:03  Roach  
  47  6:04  Roach x2  
  52  6:20  Overlord  
  52  6:23  Overlord  
  52  6:24  Overlord  
  52  6:25  Overlord  
  52  6:36  Drone x2  
  52  6:37  Drone x2  
  56  6:40  Drone x2  
  56  6:43  Overlord  
  56  6:45  Overlord  
  56  6:47  Overlord  
  58  6:55  Queen  
  60  7:08  Spine Crawler  
  59  7:10  Drone  
  59  7:11  Infestation Pit  
  59  7:15  Drone  
  59  7:16  Drone x8  
  68  7:29  Roach x2  
  72  7:30  Roach  
  74  7:49  Overlord  
  74  7:50  Overlord  
  74  7:52  Overlord  
  74  7:59  Roach  
  76  8:00  Roach x5  
  76  8:01  Pathogen Glands  
  76  8:09  Pneumatized Carapace  
  86  8:19  Drone  
  87  8:20  Drone x2  
  87  8:23  Drone  
  90  8:44  Drone  
  90  8:46  Drone  
  90  8:47  Hydralisk Den, Drone x2, Hive  
  93  8:55  Overlord  
  93  8:57  Overlord  
  93  8:59  Overlord  
  93  9:00  Overlord  
  93  9:01  Overlord  
  93  9:06  Drone  
  93  9:08  Drone  
  95  9:11  Drone  
  95  9:14  Drone  
  97  9:31  Extractor  
  97  9:33  Extractor  
  97  9:35  Drone x3  
  97  9:37  Drone x3  
  101  9:41  Spine Crawler  
  101  9:46  Neural Parasite  
  101  9:48  Infestor  
  101  9:49  Infestor x2  
  106  9:52  Zergling x2  
  106  9:53  Zergling x2  
  107  10:05  Hydralisk  
  107  10:06  Hydralisk x3  
  115  10:11  Spine Crawler  
  115  10:18  Hydralisk  
  115  10:19  Hydralisk  
  118  10:20  Zergling x2  
  118  10:21  Zergling x12  
  125  10:36  Evolution Chamber  
  125  10:39  Evolution Chamber  
  123  10:52  Ultralisk Cavern  
  122  11:05  Evolution Chamber, Drone  
  122  11:21  Overseer  
  122  11:26  Infestor x2  
  122  11:28  Hydralisk  
  128  11:38  Hatchery  
  128  11:39  Drone  
  128  11:42  Drone  
  128  11:44  Drone  
  128  11:49  Drone  
  131  11:51  Drone  
  131  11:55  Adrenal Overload  
  132  12:02  Zerg Melee Weapons Level 1  
  132  12:03  Zerg Ground Armor Level 1  
  132  12:04  Zerg Missile Weapons Level 1  
  132  12:10  Zergling x8  
  132  12:11  Zergling x16  
  144  12:26  Extractor  
  144  12:27  Overseer  
  143  12:30  Extractor  
  143  12:32  Drone x3  
  143  12:34  Drone x3  
  143  12:39  Queen  
  150  12:40  Queen x2  
  154  12:54  Extractor  
  154  12:57  Hatchery  
  152  13:00  Extractor  
  151  13:12  Overlord  
  151  13:13  Overlord  
  151  13:14  Overlord, Unknown  
  151  13:16  Overlord  
  151  13:19  Ultralisk x2  
  150  13:32  Chitinous Plating  
  136  13:47  Hydralisk x5  
  136  13:48  Hydralisk x2  
  130  13:50  Hydralisk  
  130  13:54  Zergling x2  
  130  13:55  Zergling x10  
  130  13:56  Zergling x2  
  125  14:09  Hydralisk  
  126  14:10  Hydralisk x2  
  124  14:39  Ultralisk  
  130  14:40  Ultralisk  
  130  14:42  Zergling x2  
  130  14:43  Zergling x14  
  130  14:45  Drone  
  130  14:47  Drone  
  130  14:48  Drone x2  
  148  14:54  Unknown  
  148  15:12  Overlord  
  148  15:14  Hydralisk  
  148  15:15  Hydralisk x7  
  148  15:17  Zerg Missile Weapons Level 2  
  163  15:30  Drone  
  163  15:32  Unknown  
  134  16:04  Zerg Melee Weapons Level 2  
  134  16:05  Zerg Ground Armor Level 2  
  105  16:26  Hydralisk x5  
  105  16:27  Hydralisk x4  
  113  16:34  Zergling x2  
  113  16:35  Zergling x20, Hatchery  
  113  16:36  Zergling x8  
  123  16:40  Queen x2  
  124  16:50  Queen x2  
  120  17:13  Hydralisk  
  120  17:14  Hydralisk x7  
  130  17:25  Drone  
  130  17:26  Drone x4  
  135  17:47  Drone x5  
  135  17:48  Drone x2  
  142  17:50  Queen  
  144  18:08  Drone x3  
  147  18:10  Drone x3  
  147  18:11  Drone  
  151  18:24  Ultralisk  
  151  18:25  Ultralisk  
  163  18:36  Drone  
  164  18:51  Overlord  
  164  18:55  Overlord  
  164  18:57  Drone  
  165  19:11  Overlord  
  165  19:15  Hatchery  
  165  19:17  Drone x3  
  165  19:19  Drone  
  168  19:37  Zerg Missile Weapons Level 3, Zerg Ground Armor Level 3  
  168  19:38  Zerg Melee Weapons Level 3  
  168  19:51  Hatchery  
  167  20:20  Hydralisk  
  167  20:23  Overlord x2  
  167  20:24  Overlord x3  
  148  20:53  Infestor x5  
  148  20:54  Infestor  
  148  20:56  Hydralisk  
  148  20:57  Hydralisk x12  
  148  20:58  Hydralisk  
  169  21:14  Zergling x2  
  169  21:15  Zergling x18  
  179  21:42  Drone x3  
  182  21:59  Ultralisk  
  188  22:00  Ultralisk x2  
  200  22:10  Extractor x2  
  200  22:17  Extractor  
  197  22:21  Extractor  
  196  22:42  Zergling x2  
  196  22:43  Zergling x6  
  200  23:43  Overseer  
  174  25:11  Drone  
  125  26:11  Ultralisk  
  125  26:12  Ultralisk x8  
  125  26:13  Ultralisk x3  
  197  26:20  Drone  
  197  26:21  Drone x2  
  196  27:30  Hatchery  
  196  27:32  Extractor x2  
  193  27:44  Drone  
  156  29:21  Drone, Hatchery  
  156  29:34  Drone  
  156  29:35  Drone x7  
  156  29:37  Drone x3  
  156  29:38  Drone x2  
  169  29:57  Zergling x2  
  169  29:58  Zergling x34  
  169  29:59  Zergling x26  
  200  30:37  Hatchery  
  199  30:47  Extractor  
  199  30:48  Extractor  
Tags
 
Add a new tag
Caveats
  • Supply blocks, unpowered buildings, or Contaminate may cause inaccurate times.
  • Supply counts are checked every 10 seconds.